 Dungeon Crawl Stone Soup version 0.31-a0-826-ga5cc291a1b (webtiles) character file.

Game seed: 245974774057934197

331 qw the Shooter (level 6, -2/39 HPs)
             Began as a Gargoyle Hunter on Sept 23, 2023.
             Slain by Duvessa
             ... wielding a +0 rapier
              (5 damage)
             ... on level 4 of the Dungeon.
             The game lasted 00:01:02 (2272 turns).

qw the Shooter (Gargoyle Hunter)                    Turns: 2272, Time: 00:01:03

Health: -2/39      AC: 13    Str: 14    XL:     6   Next: 51%
Magic:  6/6        EV: 11    Int: 10    God:
Gold:   79         SH:  0    Dex: 15    Spells: 5/5 levels left

rFire   . . .        Y - +1 shortbow
rCold   . . .        (shield currently unavailable)
rNeg    + . .        c - +0 leather armour
rPois   inf          (no helmet)
rElec   +            k - +0 cloak
rCorr   .            (no gloves)
SInv    .            h - +0 pair of boots
Will    .....        (no amulet)
Stlth   ++           g - +4 ring of protection
HPRegen 0.26/turn    (no ring)
MPRegen 0.10/turn

%: no passive effects
@: no status effects
A: sickness immunity, AC +4, negative energy resistance 1, electricity
resistance, torment resistance 1, petrification resistance
a: no special abilities


You were on level 4 of the Dungeon.
You visited 1 branch of the dungeon, and saw 4 of its levels.

You collected 128 gold pieces.
You spent 49 gold pieces at shops.


Innate Abilities, Weirdness & Mutations

You are immune to sickness and miasma.
Your stone body is resilient. (AC +4)
You are immune to poison.
You resist negative energy. (rN+)
You are resistant to electric shocks. (rElec)
You are resistant to unholy torment.
You are immune to petrification.


   Skills:
 - Level 4.6 Fighting
 + Level 6.4 Ranged Weapons
 - Level 1.2 Armour
 - Level 1.5 Dodging
 - Level 1.1 Stealth


You had 5 spell levels left.
You didn't know any spells.
Your spell library was empty.

Inventory:

Hand Weapons
 Y - a +1 shortbow (weapon)
Armour
 a - the +1 helmet of Lugonu's Approval {Harm Fly}
   (You acquired it on level 1 of the Dungeon)

   Fly:       It grants you flight.
   Harm:      It increases damage dealt and taken.
 b - a +0 ring mail
 c - a +0 leather armour (worn)
 f - a +0 helmet
 h - a +0 pair of boots (worn)
 k - a +0 cloak (worn)
Jewellery
 g - a +4 ring of protection (left hand)
Scrolls
 e - a scroll of identify
Potions
 d - 2 potions of enlightenment {unknown}
 i - a potion of cancellation
 j - a potion of mutation {unknown}
 l - a potion of heal wounds {unknown}

Dungeon Overview and Level Annotations

Branches:
Dungeon (4/15)
 Temple: D:4-7

Altars:
Kikubaaqudgha

Shops:
D:2 *

Annotations:
D:4 Dowan, Duvessa


Message History

Dowan is severely wounded.
Duvessa hits you but does no damage.
You shoot an arrow. The arrow barely misses Duvessa.
The arrow hits Dowan.
Dowan is almost dead.
Duvessa closely misses you.
Dowan gestures at Duvessa while chanting.
Duvessa seems to speed up.
You shoot an arrow. The arrow barely misses Duvessa.
The arrow completely misses Dowan.
Duvessa barely misses you.
You shoot an arrow. The arrow hits Duvessa.
Duvessa is moderately wounded.
Duvessa hits you with a +0 rapier. Duvessa hits you but does no damage.
You shoot an arrow.
The arrow hits Duvessa but does no damage.
Duvessa is moderately wounded.
Duvessa barely misses you. Duvessa misses you.
You shoot an arrow.
The arrow hits Duvessa but does no damage.
Duvessa is moderately wounded.
Duvessa hits you with a +0 rapier.
Dowan gestures wildly while chanting.
Dowan blinks!
Duvessa barely misses you.
You shoot an arrow. The arrow hits Duvessa.
Duvessa is heavily wounded.
Duvessa hits you but does no damage.
You shoot an arrow. The arrow closely misses Duvessa.
The arrow barely misses Dowan.
Duvessa says, "Where magic fails, the sword succeeds!"
Duvessa barely misses you.
Dowan says, "Where the sword fails, magic succeeds!"
Duvessa barely misses you.
Dowan casts a spell.
Dowan blinks!
You shoot an arrow. The arrow hits Duvessa.
Duvessa is heavily wounded.
Duvessa hits you with a +0 rapier! x2
You shoot an arrow. The arrow barely misses Duvessa.
Duvessa hits you with a +0 rapier.
You die...

).)...##~.~#
#.##..###.##
#.#........#
#.#...###..######
#.#...###.......###
#............###..###
###.##.##.##.#
#ยค..e# #. #.##.##.#
#e##.# #. .##..#.#
#@# .# #. .###.#.#
#......# ).# ####.###
..# ..# ... ..# ..


You could see Duvessa (fast).

Vanquished Creatures
  An ogre (D:3)
  An orc priest (D:3)
  Jessica (D:3)
  Terence (D:2)
  An orc wizard (D:3)
  Robin (D:4)
  4 adders
  2 worms (D:2)
  2 dart slugs
  3 orcs (D:3)
  5 endoplasms
  A giant cockroach (D:1)
  10 hobgoblins
  2 jackals (D:2)
  5 kobolds
  9 ball pythons
  10 bats
  4 frilled lizards (D:1)
  13 goblins
  8 rats
84 creatures vanquished.

Notes
Turn   | Place    | Note
-------+----------+-------------------------------------------
     0 | D:1      | qw the Gargoyle Hunter began the quest for the Orb.
     0 | D:1      | Reached XP level 1. HP: 12/12 MP: 1/1
     0 | D:1      | 0 ||| qw: Version: 0.3-a-83-gcd0e7d8
     0 | D:1      | 0 ||| qw: Game counter: 1921
     0 | D:1      | 0 ||| qw: Melee chars always use a shield: true
     0 | D:1      | 0 ||| qw: God list: Okawaru
     0 | D:1      | 0 ||| qw: Allow faded altars: false
     0 | D:1      | 0 ||| qw: Do Orc after clearing Dungeon:15 true
     0 | D:1      | 0 ||| qw: Do second Lair branch before Depths: true
     0 | D:1      | 0 ||| qw: Lair rune preference: random
     0 | D:1      | 0 ||| qw: Goals: Normal
     0 | D:1      | 0 ||| PLANNING D:1-11
   107 | D:1      | Reached XP level 2. HP: 17/17 MP: 2/2
   454 | D:1      | Reached XP level 3. HP: 21/21 MP: 3/3
   545 | D:1      | 545 ||| UPGRADING to +0 pair of boots.
   550 | D:1      | 550 ||| UPGRADING to +4 ring of protection.
   551 | D:1      | 551 ||| READING scroll labelled ZAASTI ICLIT.
   552 | D:1      | 552 ||| READING 2 scrolls labelled QIATISO ZEDAR.
   553 | D:1      | 553 ||| READING scroll labelled NOIMOG UCOR.
   553 | D:1      | Identified a scroll of acquirement
   553 | D:1      | 553 ||| ACQUIRING +1 helmet of Lugonu's Approval {Harm Fly}
   553 | D:1      | Acquired the +1 helmet of Lugonu's Approval {Harm Fly}
   555 | D:1      | 555 ||| DRINKING 2 silvery potions.
   556 | D:1      | 556 ||| DROPPING scroll of butterflies.
   580 | D:2      | Reached skill level 5 in Ranged Weapons
   624 | D:2      | Noticed Terence
   642 | D:2      | Killed Terence
   643 | D:2      | Reached skill level 3 in Fighting
   643 | D:2      | Reached XP level 4. HP: 10/28 MP: 4/4
   889 | D:2      | Found Karom's General Store.
   893 | D:2      | 893 ||| BUYING +0 cloak (49 gold).
   893 | D:2      | Bought a +0 cloak for 49 gold pieces
   893 | D:2      | 893 ||| SHOPLISTING +5 ring of evasion (396 gold, have 8).
   893 | D:2      | 893 ||| SHOPLISTING 2 potions of heal wounds (110 gold,
                  | have 8).
   893 | D:2      | 893 ||| SHOPLISTING potion of curing (33 gold, have 8).
   893 | D:2      | 893 ||| SHOPLISTING potion of heal wounds (55 gold, have
                  | 8).
   893 | D:2      | 893 ||| SHOPLISTING scroll of acquirement (572 gold, have
                  | 8).
  1239 | D:2      | 1239 ||| UPGRADING to +0 cloak.
  1244 | D:2      | 1244 ||| READING scroll labelled ALLIROALEA.
  1245 | D:2      | 1245 ||| READING scroll labelled SYRIJA VYMOUS.
  1246 | D:2      | 1246 ||| READING scroll labelled ZUCACW MOST.
  1247 | D:2      | 1247 ||| READING 2 scrolls of identify.
  1247 | D:2      | 1247 ||| IDENTIFYING clear potion
  1248 | D:2      | 1248 ||| DROPPING potion of brilliance.
  1486 | D:3      | Reached skill level 1 in Armour
  1486 | D:3      | Reached XP level 5. HP: 32/32 MP: 5/5
  1514 | D:3      | Found an ancient bone altar of Kikubaaqudgha.
  1738 | D:3      | Noticed Jessica
  1750 | D:3      | Killed Jessica
  1869 | D:3      | Noticed an ogre
  1870 | D:3      | 1870 ||| Stepping ~*~*~tactically~*~*~ (retreating).
  1880 | D:3      | Reached skill level 6 in Ranged Weapons
  1882 | D:3      | HP: 4/32 [ogre/+0 giant spiked club (12)]
  1890 | D:3      | Killed an ogre
  1891 | D:3      | Reached XP level 6. HP: 8/39 MP: 6/6
  1893 | D:3      | HP: 7/39 [something (2)]
  2038 | D:3      | 2038 ||| READING 2 scrolls labelled EFROTESAIK.
  2039 | D:3      | 2039 ||| DROPPING scroll of vulnerability.
  2130 | D:4      | Noticed Robin
  2139 | D:4      | Killed Robin
  2249 | D:4      | Noticed Duvessa
  2249 | D:4      | Noticed Dowan
  2250 | D:4      | 2250 ||| RETREEAATING.
  2253 | D:4      | 2253 ||| Stepping ~*~*~tactically~*~*~ (retreating).
  2255 | D:4      | 2255 ||| STILL RETREEAATING.
  2271 | D:4      | HP: 3/39 [Duvessa/+0 rapier (8)]
  2272 | D:4      | Slain by Duvessa

Levels and vault maps discovered:
D:1:      psy_arrival_dodecagon, layout_loops_ring,
          chequers_serial_rivers_room_b
D:2:      layout_loops_ring, serial_shops, nicolae_shop_back_alley_shop,
          uniq_terence
D:3:      layout_loops_ring, kiku_gazebo_garden_becter,
          minmay_misc_feat_nine_boxes, uniq_jessica
D:4:      layout_loops_cross, fedhas_altar_3,
          amcnicky_mini_rare_corridor_liquid, amethyst_killhole, uniq_duvessa,
          uniq_natasha, uniq_robin

Skill      XL: |  1  2  3  4  5 |
---------------+----------------+-----
Ranged Weapons | 5 6 |  6.4
Fighting       | 3 4 |  4.6
Armour         | 1 |  1.2
Dodging        | |  1.5
Stealth        | |  1.1

Action                     |  1- 3 |  4- 6 || total
---------------------------+-------+-------++-------
   Fire: Shortbow          |    78 |   194 ||   272
    Use: Scroll            |     3 |     5 ||     8
         Potion            |     1 |       ||     1
 Armour: Leather armour    |    17 |   109 ||   126
  Dodge: Dodged            |    26 |    75 ||   101

Table legend:
 A = Non-vault XP
 B = Vault XP
 C = Vault XP percentage of total XP
 D = Non-vault monster count
 E = Vault monster count
 F = Vault count percentage of total count
                 A         B        C        D         E       F
            +---------+---------+-------+---------+---------+-------
      Total |     364 |     109 |  23.0 |      71 |      13 |  15.5
            +---------+---------+-------+---------+---------+-------
        D:1 |      37 |       0 |   0.0 |      23 |       0 |   0.0
        D:2 |      66 |      36 |  35.3 |      25 |       1 |   3.8
        D:3 |     254 |      37 |  12.7 |      20 |       1 |   4.8
        D:4 |       7 |      36 |  83.7 |       3 |      11 |  78.6
            +---------+---------+-------+---------+---------+-------
